 Dungeon Crawl Stone Soup version 0.19.0-16-g73b5abf (webtiles) character file.

5980 IcyTea the Slicer (level 11, -2/64 HPs)
             Began as a Halfling Summoner on Nov 10, 2016.
             Was a High Priest of Uskayaw.
             Killed from afar by an electric eel (11 damage)
             ... with a bolt of electricity
             ... on level 10 of the Dungeon.
             The game lasted 00:48:19 (13440 turns).

IcyTea the Slicer (Halfling Summoner)              Turns: 13440, Time: 00:48:19

Health: -2/64      AC: 19    Str:  9    XL:     11   Next: 10%
Magic:  15/15      EV: 11    Int: 14    God:    Uskayaw [*****.]
Gold:   463        SH:  0    Dex: 18    Spells: 4 memorised, 7 levels left

rFire  + + .     SeeInvis .     F - +10 long sword "Oxzaim" {slice, rF++ rC++ MR-}
rCold  + + .     Gourm    .     o - +4 scale mail
rNeg   . . .     Faith    .     (shield restricted)
rPois  .         Spirit   .     (no helmet)
rElec  .         Reflect  .     g - +1 cloak
rCorr  .         Harm     .     z - +0 pair of gloves
MR     .....                    v - +2 pair of boots
Stlth  +.........               (no amulet)
                                (no ring)
                                (no ring)

@: drained
A: mutation resistance 1
a: Stomp, Line Pass, Grand Finale, Renounce Religion


You were on level 10 of the Dungeon.
You worshipped Uskayaw.
Uskayaw was noncommittal.
You were hungry.

You visited 2 branches of the dungeon, and saw 11 of its levels.

You collected 463 gold pieces.

Inventory:

Hand Weapons
 a - a +2 dagger of electrocution
 b - a +2 hunting sling of flaming
 F - the +10 long sword "Oxzaim" (weapon) {slice, rF++ rC++ MR-}
   (You took it off a wight on level 9 of the Dungeon)

   It inflicts extra damage upon your enemies.
   It greatly protects you from fire.
   It greatly protects you from cold.
   It affects your resistance to hostile enchantments.
Missiles
 B - 22 sling bullets
Armour
 g - a +1 cloak (worn)
 o - a +4 scale mail (worn)
 v - a +2 pair of boots (worn)
 z - a +0 pair of gloves (worn)
Jewellery
 q - a +2 amulet of reflection
 u - an uncursed ring of ice
Wands
 t - a wand of lightning (6/15)
 w - a wand of digging (9/24)
 x - a wand of polymorph (13/24)
 E - a wand of lightning (5/15)
Scrolls
 d - 4 scrolls of remove curse
 f - 5 scrolls of identify
 j - 2 scrolls of magic mapping
 k - a scroll of enchant armour
 y - 3 scrolls of teleportation
Potions
 e - 2 potions of cure mutation
 h - a potion of brilliance
 i - a potion of might
 m - 3 potions of curing
 n - 2 potions of invisibility
 s - a potion of haste
 A - 2 potions of flight
 D - 2 potions of berserk rage
Books
 C - a book of Debilitation

   Spells                             Type                      Level
   a - Corona                         Hexes                        1
   b - Slow                           Hexes                        2
   c - Gell's Gravitas                Hexes/Translocation          3
   d - Inner Flame                    Hexes/Fire                   3
   e - Cause Fear                     Hexes                        4
   f - Leda's Liquefaction            Hexes/Earth                  4
Comestibles
 c - 3 bread rations
 l - 5 meat rations
 p - 3 beef jerkies
 r - 6 royal jellies
 G - a chunk of flesh


   Skills:
 - Level 2.0(1.8) Fighting
 - Level 12.1(11.9) Short Blades
 - Level 10.0(9.8) Armour
 - Level 2.1(2.0) Dodging
 - Level 2.1(2.0) Stealth
 - Level 3.0(2.8) Spellcasting
 - Level 4.2(4.1) Hexes
 - Level 3.2(3.1) Summonings
 + Level 3.6(3.4) Ice Magic


You had 7 spell levels left.
You knew the following spells:

 Your Spells              Type           Power        Failure   Level  Hunger
a - Summon Small Mammal   Summ           ##..         38%         1    #......
b - Ensorcelled Hibernat  Hex/Ice        ##....       38%         2    ##.....
c - Confuse               Hex            ##......     75%         3    ###....
d - Tukima's Dance        Hex            ##......     75%         3    ###....


Dungeon Overview and Level Annotations

Branches:
Dungeon (10/15)            Temple (1/1) D:5
   Lair: D:8-11         Orc: D:9-12

Altars:
Ashenzari
Cheibriados
Dithmenos
Elyvilon
Fedhas
Gozag
Hepliaklqana
Kikubaaqudgha
Makhleb
Nemelex Xobeh
Okawaru
Qazlal
Ru
Sif Muna
Trog
Uskayaw
Vehumet
Xom
Yredelemnul
Zin
The Shining One

Annotations:
D:4 Andry07's ghost, amateur GrFi


Innate Abilities, Weirdness & Mutations

You are small and have problems with some larger weapons.
You are somewhat resistant to further mutation.


Message History

You can now merge with and destroy a victim.
You hit the leopard gecko.
You kill the leopard gecko!
The electric eel shoots out a bolt of lightning at you!
The bolt of electricity hits you!
The electric eel shoots out a bolt of lightning at you!
The bolt of electricity hits you!
Things that are here:
a dagger; a robe The electric eel shoots out a bolt of lightning at you!
The bolt of electricity hits you!
* * * LOW HITPOINT WARNING * * *
The electric eel shoots out a bolt of lightning at you!
The bolt of electricity hits you!
* * * LOW HITPOINT WARNING * * *
You slash the electric eel!
The electric eel is almost dead.
The electric eel shoots out a bolt of lightning at you!
The bolt of electricity hits you!
You die...

P.P.P...P.≈≈≈≈≈...
...........≈≈≈≈≈...
..P.P.P.P...≈≈≈≈≈...
P...P.P.P.P.≈≈≈≈≈...
..P.P.P.P.P..≈≈≈≈≈..
...........[........
....................
.......)))..@;≈≈≈≈≈.
.......†.†....≈≈≈≈≈.
.....#'')#...≈≈≈≈≈≈
....##...##...≈≈≈≈≈
.. ##.....##..≈≈≈≈≈
#...<...#..≈≈≈≈≈
#...)...#..♣≈≈≈≈
#..<.<..#..♣≈≈≈≈
##.....##


You could see an electric eel.

Vanquished Creatures
  The ghost of Andry07 the Protected, a novice GrFi of Okawaru (D:5)
  Joseph (D:9)
  A queen bee (D:8)
  A hippogriff (D:9)
  2 humans (D:9)
  A yak (D:10)
  A hungry ghost (D:7)
  A steam dragon (D:8)
  A black bear (D:5)
  A phantom (D:8)
  An ice beast (D:3)
  2 orc warriors
  3 sky beasts
  2 necrophages (D:9)
  4 ogres
  A centaur (D:7)
  5 bullfrogs
  A water moccasin zombie (D:8)
  3 scorpions
  12 killer bees
  13 wights
  2 crimson imps
  A centaur zombie (D:6)
  2 bullfrog zombies
  7 hounds
  A bullfrog skeleton (D:6)
  7 orc wizards
  3 iguanas
  Ijyb (D:3)
  Terence (D:3)
  Natasha (twice) (D:2)
  9 worker ants
  2 hound skeletons
  A worker ant zombie (D:5)
  6 gnolls
  10 adders
  5 shadow imps
  4 adder skeletons
  A worm (D:4)
  3 dart slugs (D:1)
  5 leopard geckos
  19 orcs
  5 goblins
  8 hobgoblins
  10 jackals
  10 quokkas
  13 bats
  6 frilled lizards
  11 kobolds
  12 rats
225 creatures vanquished.

Vanquished Creatures (collateral kills)
  2 gnolls (D:1)
  A hobgoblin (D:1)
  A kobold (D:1)
4 creatures vanquished.

Vanquished Creatures (others)
  A killer bee (D:8)
  A plant (D:10)
2 creatures vanquished.

Grand Total: 231 creatures vanquished

Notes
Turn   | Place    | Note
-------+----------+-------------------------------------------
     0 | D:1      | IcyTea the Halfling Summoner began the quest for the Orb.
     0 | D:1      | Reached XP level 1. HP: 11/11 MP: 3/3
   139 | D:1      | Reached skill level 1 in Fighting
   144 | D:1      | Reached XP level 2. HP: 12/18 MP: 1/4
   487 | D:1      | Reached XP level 3. HP: 13/24 MP: 5/5
   700 | D:1      | Reached skill level 1 in Short Blades
  1073 | D:1      | Reached skill level 2 in Short Blades
  1270 | D:2      | Found a blossoming altar of Fedhas.
  1326 | D:2      | Found a bloodstained altar of Trog.
  1353 | D:2      | Found a hide-covered altar of Uskayaw.
  1374 | D:2      | Reached XP level 4. HP: 12/29 MP: 6/6
  1381 | D:2      | Became a worshipper of Uskayaw the Reveler
  1606 | D:2      | Reached * piety under Uskayaw
  1912 | D:1      | Reached skill level 3 in Short Blades
  2291 | D:2      | Reached ** piety under Uskayaw
  2538 | D:2      | Noticed Natasha
  2562 | D:2      | Killed Natasha
  2562 | D:2      | Reached skill level 4 in Short Blades
  2562 | D:2      | Reached XP level 5. HP: 22/34 MP: 5/7
  2695 | D:2      | Noticed Natasha
  2709 | D:2      | Killed Natasha
  3039 | D:3      | Reached skill level 5 in Short Blades
  3054 | D:3      | Found a stormy altar of Qazlal.
  3148 | D:3      | Noticed Terence
  3199 | D:3      | Killed Terence
  3331 | D:3      | Reached XP level 6. HP: 36/39 MP: 8/8
  3374 | D:3      | Noticed Ijyb
  3421 | D:3      | Killed Ijyb
  3566 | D:3      | Reached skill level 6 in Short Blades
  3873 | D:4      | Noticed Andry07's ghost (amateur GrFi)
  4405 | D:4      | Noticed an ice beast
  4547 | D:3      | Killed an ice beast
  4547 | D:3      | Reached skill level 7 in Short Blades
  4547 | D:3      | Reached XP level 7. HP: 25/45 MP: 9/9
  5301 | D:5      | Entered Level 5 of the Dungeon
  5376 | D:5      | Noticed Andry07's ghost (novice GrFi)
  5408 | D:4      | HP: 1/45 [shadow imp/nerve-wracking pain (6)]
  5986 | D:5      | Found a hide-covered altar of Uskayaw.
  6032 | D:5      | Reached skill level 8 in Short Blades
  6054 | D:5      | Found an ancient bone altar of Kikubaaqudgha.
  6592 | D:5      | Reached *** piety under Uskayaw
  6594 | D:5      | Killed Andry07's ghost
  6594 | D:5      | Reached skill level 10 in Short Blades
  6594 | D:5      | Reached XP level 8. HP: 40/50 MP: 10/10
  6594 | D:5      | Reached **** piety under Uskayaw
  6601 | D:5      | Found a staircase to the Ecumenical Temple.
  6745 | D:5      | Reached skill level 11 in Short Blades
  7390 | Temple   | Entered the Ecumenical Temple
  7603 | D:6      | Learned a level 2 spell: Ensorcelled Hibernation
  7609 | D:6      | Learned a level 3 spell: Confuse
  7613 | D:6      | Learned a level 3 spell: Tukima's Dance
  7647 | D:6      | Reached XP level 9. HP: 54/54 MP: 11/11
  7708 | D:6      | Reached skill level 12 in Short Blades
  7962 | D:6      | Reached skill level 1 in Armour
  8128 | D:6      | Found a burning altar of Makhleb.
  8128 | D:6      | Noticed a blizzard demon
  8132 | D:6      | Noticed a smoke demon
  8617 | D:7      | Found a sparkling altar of Nemelex Xobeh.
  8655 | D:7      | Found a shimmering altar of Xom.
  8722 | D:7      | Found a snail-covered altar of Cheibriados.
  9106 | D:7      | Reached skill level 5 in Armour
  9776 | D:3      | Reached skill level 1 in Ice Magic
 10394 | D:7      | Reached skill level 1 in Hexes
 11094 | D:8      | Reached XP level 10. HP: 44/60 MP: 12/12
 12028 | D:8      | Found a hazy altar of Hepliaklqana.
 12101 | D:8      | Found a glowing silver altar of Zin.
 12352 | D:8      | Reached skill level 10 in Armour
 12619 | D:9      | Found an iron altar of Okawaru.
 12758 | D:9      | Noticed Joseph
 12772 | D:9      | Killed Joseph
 12833 | D:9      | Reached XP level 11. HP: 46/64 MP: 15/15
 12840 | D:9      | Reached ***** piety under Uskayaw
 13165 | D:9      | Got a pitted long sword {slice}
 13168 | D:9      | Identified the +10 long sword "Oxzaim" {slice, rF++ rC++ MR-} (You took it off a wight on level 9 of the Dungeon)
 13404 | D:10     | Entered Level 10 of the Dungeon
 13440 | D:10     | Killed from afar by an electric eel

Skill      XL: |  1  2  3  4  5  6  7  8  9 10 11 |
---------------+----------------------------------+-----
Fighting       | 1 2 |  2.0
Short Blades   | 2 4 5 7 10 11 12 | 12.1
Armour         | 6 10 | 10.0
Ice Magic      | 2 3 |  3.6
Hexes          | 2 4 |  4.2
Spellcasting   | 3 |  3.0
Dodging        | |  2.1
Stealth        | |  2.1
Summonings     | |  3.2

Action                   |  1- 3 |  4- 6 |  7- 9 | 10-12 || total
-------------------------+-------+-------+-------+-------++-------
Melee: Club              |    17 |       |       |       ||    17
       Unarmed           |     7 |       |       |       ||     7
       Dagger            |   101 |   505 |   683 |   324 ||  1613
       Whip              |    19 |       |       |       ||    19
       Short sword       |       |       |   290 |       ||   290
       Long sword        |       |       |       |    25 ||    25
 Cast: Summon Small Mamm |     6 |    21 |     5 |       ||    32
       Ensorcelled Hiber |       |       |       |     1 ||     1
Invok: Stomp             |       |     1 |     6 |       ||     7
       Line Pass         |       |       |       |     1 ||     1
  Use: Potion            |     4 |     5 |     5 |     4 ||    18
       Scroll            |     3 |     5 |     5 |     1 ||    14
 Stab: Sleeping          |     3 |     2 |       |     1 ||     6
       Paralysed         |       |       |    11 |     7 ||    18
       Distracted        |       |       |     1 |       ||     1
  Eat: Chunk             |     1 |    10 |    19 |     3 ||    33
       Beef jerky        |       |     1 |     1 |       ||     2
       Pizza             |       |       |     2 |       ||     2
       Royal jelly       |       |       |     1 |     2 ||     3
Armor: Robe              |    21 |     9 |       |       ||    30
       Scale mail        |       |   154 |   305 |   143 ||   602
Dodge: Dodged            |   100 |   246 |   332 |   131 ||   809
       Rpst.: Long sword |       |       |       |     7 ||     7
